AoeStats
← THL

Nomad

507727940Analyzed
2v2 RM · 13d ago on Sep 19, 2026· 31m 16s· 4 players
Game mode
Random Map
Map size
176×176
Population
200
Speed
Normal
Resources
Standard
Victory
Conquest
Starting age
Dark Age
Ending age
Imperial Age
RankedLock teamsTeams togetherTeam positionsShared explorationLock speedFull tech treeHidden civsTurbo modeCheats
Victory
Defeat
🇸🇰 Koreans · Slovakia
1607
+17
🇻🇳 Spanish · Vietnam
1577
+17
🇬🇧 Persians · United Kingdom
1623
-17
🇬🇧 Spanish · United Kingdom
1622
-17
JBOA123
13:33 Feudal Age
16:58 Castle Age
16:02 Double-Bit Axe
17:43 Medium Warships
19:04 Bow Saw
19:20 Loom
22:14 Fishing Lines
23:11 Gillnets
23:27 Horse Collar
23:44 Fletching
24:52 Heavy Plow
27:19 Town Watch
30:53 Bodkin Arrow
matt_993
4:56 Loom
13:11 Feudal Age
17:30 Castle Age
16:45 Double-Bit Axe
21:17 Fishing Lines
22:30 Sanctity
22:52 Town Watch
29:15 Bow Saw
30:07 Town Watch
TheShadowrawen
4:58 Loom
13:51 Feudal Age
17:48 Castle Age
18:32 Double-Bit Axe
18:54 Fletching
27:01 Ballistics
28:05 Bodkin Arrow
30:57 Horse Collar
THL
4:51 Loom
14:12 Feudal Age
17:55 Castle Age
28:43 Husbandry
28:43 Double-Bit Axe
31:56 Bloodlines
Connection lost

Rejoining the realm…

Still unreachable

The connection could not be restored.

Session expired

The server has moved on; the page needs a fresh start.